 Dungeon Crawl Stone Soup version 0.28.0-43-g3370ac3207 (webtiles) character file.

Game seed: 11658032674136028420

1185 Descartes the Ruffian (level 8, 0/63 (74) HPs)
             Began as a Troll Chaos Knight on Mar 29, 2022.
             Was a Plaything of Xom.
             Slain by a troll (8 damage)
             ... on level 5 of the Dungeon.
             The game lasted 00:06:40 (4193 turns).

Descartes the Ruffian (Troll Chaos Knight)          Turns: 4193, Time: 00:06:42

HP:   0/63 (74)     AC:  7    Str: 20 (21) XL:     8   Next: 19%
MP:   7/7           EV: 10    Int: 10      God:    Xom [*.....]
Gold: 120           SH:  0    Dex:  5 (9)  Spells: 7/7 levels left

rFire   . . .      SeeInvis .     - Unarmed
rCold   . . .      Faith    .   (no shield)
rNeg    . . .      Spirit   .   a - +2 robe
rPois   .          Reflect  .   (helmet restricted)
rElec   .          Harm     .   j - +0 cloak
rCorr   .          Rampage  .   (gloves unavailable)
Will    .....      Clarity  +   (boots unavailable)
Stlth   +.........              (no amulet)
HPRegen 1.00/turn               (no ring)
MPRegen 0.10/turn               (no ring)

@: cleaving, attractive, heavily drained
A: large, unfitting armour, claws 3, regeneration 1, shaggy fur 1, tough skin 1,
clarity, deterioration 1
a: Renounce Religion


You were on level 5 of the Dungeon.
You worshipped Xom.
You were a special plaything of Xom.
You visited 2 branches of the dungeon, and saw 7 of its levels.

You collected 279 gold pieces.
You spent 159 gold pieces at shops.

Inventory:

Hand Weapons
 p - a +2 quarterstaff of chaos
Missiles
 f - 12 poisoned darts (quivered)
 g - 177 stones
 n - 10 boomerangs
Armour
 a - a +2 robe (worn)
 j - a +0 cloak (worn)
Jewellery
 m - a ring of ice
Scrolls
 b - 2 scrolls of fear {unknown}
 d - a scroll of amnesia
 o - a scroll of vulnerability
 q - a scroll of holy word {unknown}
 r - 2 scrolls of teleportation
 s - 2 scrolls of noise {unknown}
 t - a scroll of silence {unknown}
 u - a scroll of fog
 v - a scroll of enchant weapon
 w - a scroll of summoning {unknown}
Potions
 e - a potion of degeneration {unknown}
 h - a potion of curing {unknown}
 i - a potion of cancellation {unknown}
 l - a potion of mutation {unknown}
 x - a potion of might {unknown}
 z - a potion of flight {unknown}


   Skills:
 - Level 2.4 Fighting
 + Level 4.8 Throwing
 - Level 5.0 Dodging
 + Level 6.6 Unarmed Combat


You had 7 spell levels left.
You didn't know any spells.
Your spell library contained the following spells:

 Spells                   Type           Power      Damage    Failure   Level
 Dazzling Flash           Conj/Hex       0%         N/A       75%         3
 Agony                    Necr           0%         N/A       100%        5
 Silence                  Hex/Air        0%         N/A       100%        5


Dungeon Overview and Level Annotations

Branches:
Dungeon (6/15)             Temple (1/1) D:5

Altars:
Cheibriados
Dithmenos
Elyvilon
Fedhas
Hepliaklqana
Kikubaaqudgha
Makhleb
Nemelex Xobeh
Qazlal
Ru
Sif Muna
Trog
Uskayaw
Vehumet
Yredelemnul
Zin

Shops:
D:5 *   D:6 (


Innate Abilities, Weirdness & Mutations

You are too large for most types of armour.
You have claws for hands.
Your natural rate of healing is unusually fast.
You are covered in fur. (AC +1)
You have tough skin. (AC +1)
You possess an exceptional clarity of mind.
Your body sometimes deteriorates upon taking damage.


Message History

There is a stone staircase leading up here. "Tag, you're it!"
The stone staircase leading up slides away from you! x2 "Suffer!"
You feel drained. The troll closely misses you. The troll claws you.
The troll claws you! "Go forth and destroy!"
Your claws look sharp.
Xom's power touches on a nearby monster.
The troll suddenly stops moving!
There is a stone staircase leading up here.
You climb upwards.
The stone staircase leading down settles down.
There is a stone staircase leading down here.
HP restored.
Done exploring.
You climb downwards.
There is a stone staircase leading up here.
You scratch the troll. You claw the troll.
The troll is lightly wounded.
The troll bites you!
Your body deteriorates!
You feel clumsy. The troll claws you. The troll barely misses you.
You scratch the troll.
The troll is lightly wounded.
The troll bites you! The troll claws you. The troll claws you!
You are too injured to fight recklessly!
You scratch the troll but do no damage.
The troll is lightly wounded.
The troll barely misses you. The troll claws you. The troll claws you!
* * * LOW HITPOINT WARNING * * *
Your body deteriorates!
You feel clumsy.
It was a potion of attraction.
You feel attractive to monsters.
Xom is interested.
The troll bites you.
* * * LOW HITPOINT WARNING * * *
The troll claws you!
You die...
Xom roars with laughter!

....#
#......#.#.#
....#
#......#.#.#
....#
#..........#
....#
####.###.#####
....# #.#
#.....#
###.#######.#
#####.#
........>##.#
#....#
....#######.#
#T####
.##########.#
#@#
............#
#<#
########....#
### .T..#
#....# ###.#
#....# ###.#
#....# ..#.#
#....# ....#
#....# ..###
#....#


You could see a troll.

Vanquished Creatures
  Sigmund (D:5)
  A wyvern (D:4)
  Eustachio (D:5)
  2 ogres
  A centaur (D:5)
  A scorpion (D:6)
  Crazy Yiuf (D:3)
  A gnoll shaman (D:5)
  A centaur skeleton (D:4)
  2 hounds (D:5)
  Jessica (D:3)
  A killer bee zombie (D:6)
  2 hound skeletons
  7 gnolls
  5 adders
  A white imp (D:5)
  2 worms (D:2)
  2 dart slugs (D:3)
  7 orcs
  10 ball pythons
  8 endoplasms
  5 giant cockroaches
  6 goblins
  8 hobgoblins
  A jackal (D:1)
  4 quokkas
  5 bats
  3 frilled lizards (D:1)
  9 kobolds
  7 rats
106 creatures vanquished.

Notes
Turn   | Place    | Note
-------+----------+-------------------------------------------
     0 | D:1      | Descartes the Troll Chaos Knight began the quest for the
                  | Orb.
     0 | D:1      | Reached XP level 1. HP: 22/22 MP: 0/0
    23 | D:1      | Reached XP level 2. HP: 29/29 MP: 1/1
   204 | D:1      | XOM: divination: detect creatures
   387 | D:1      | XOM: silly message
   496 | D:1      | Reached XP level 3. HP: 36/36 MP: 2/2
   868 | D:2      | XOM: silly message
   881 | D:2      | XOM: silly message
  1010 | D:2      | Reached skill level 1 in Throwing
  1010 | D:2      | Reached XP level 4. HP: 43/44 MP: 3/3
  1024 | D:2      | Reached skill level 4 in Unarmed Combat
  1213 | D:2      | Found a faded altar of an unknown god.
  1557 | D:3      | Noticed Jessica
  1564 | D:3      | XOM: cast spell 'Summon Ice Beast'
  1565 | D:3      | Killed Jessica
  1595 | D:3      | Found a runed translucent door.
  1596 | D:3      | Noticed Crazy Yiuf
  1630 | D:3      | XOM: noise
  1819 | D:3      | XOM: silly message
  1972 | D:3      | XOM: god gift: scroll labelled VAMEUHYMID {god gift}
  2044 | D:3      | Killed Crazy Yiuf
  2045 | D:3      | Reached XP level 5. HP: 50/50 MP: 4/4
  2081 | D:4      | XOM: stealth player
  2084 | D:4      | Noticed a wyvern
  2092 | D:4      | Killed a wyvern
  2093 | D:4      | Reached XP level 6. HP: 34/59 MP: 5/5
  2176 | D:4      | XOM: butterfly on damage
  2178 | D:4      | Reached skill level 5 in Unarmed Combat
  2268 | D:4      | XOM: confuse monster(s)
  2273 | D:3      | XOM: divination: magic mapping
  2288 | D:3      | XOM: silly message
  2300 | D:3      | XOM: god gift: scroll labelled BAOLUB XUUDY {god gift}
  3070 | D:4      | XOM: give mutations
  3070 | D:4      | Gained mutation: You possess an exceptional clarity of
                  | mind. [Xom's mischief]
  3070 | D:4      | Gained mutation: Your body sometimes deteriorates upon
                  | taking damage. [Xom's mischief]
  3104 | D:5      | Entered Level 5 of the Dungeon
  3104 | D:5      | XOM: polymorph hound -> centaur
  3111 | D:5      | Reached XP level 7. HP: 52/66 MP: 6/6
  3154 | D:5      | Found Nafenoz's Assorted Antiques.
  3160 | D:5      | Bought a scroll labelled DOUPOA CIKHLA for 27 gold pieces
  3160 | D:5      | Bought a scroll labelled IPAPLA FYIPRIE for 27 gold pieces
  3160 | D:5      | Bought a scroll labelled VEBLEDDADDI for 27 gold pieces
  3160 | D:5      | Bought a scroll labelled YGORECHAACU for 27 gold pieces
  3160 | D:5      | Bought a scroll labelled BAOLUB XUUDY for 27 gold pieces
  3160 | D:5      | Bought a smoky red potion for 24 gold pieces
  3273 | D:5      | XOM: noise
  3290 | D:5      | Found a white marble altar of Elyvilon.
  3291 | D:5      | Found a stormy altar of Qazlal.
  3312 | D:5      | Noticed Sigmund
  3328 | D:5      | Killed Sigmund
  3350 | D:5      | XOM: swap monsters
  3509 | D:5      | XOM: silly message
  3524 | D:5      | Noticed Eustachio
  3538 | D:5      | Killed Eustachio
  3539 | D:5      | Reached skill level 6 in Unarmed Combat
  3615 | D:5      | Found a staircase to the Ecumenical Temple.
  3633 | D:5      | XOM: butterfly on damage
  3638 | D:5      | Reached XP level 8. HP: 58/74 MP: 7/7
  3644 | D:5      | Reached skill level 5 in Dodging
  3664 | Temple   | Entered the Ecumenical Temple
  4001 | D:6      | Found Qoniubow's Firing Range.
  4005 | D:6      | Noticed a troll
  4009 | D:6      | XOM: cast spell 'Alistair's Intoxication'
  4128 | D:5      | XOM: repel stairs
  4130 | D:5      | XOM: draining
  4153 | D:5      | XOM: cleaving
  4166 | D:5      | XOM: enchant monster (good)
  4193 | D:5      | Slain by a troll

Illustrated notes

Levels and vault maps discovered:
D:1:      minmay_arrival_solitary_statue, layout_basic, minmay_close_crescents
D:2:      layout_loops_ring, shapermc_ecumenical_altar_venn
D:3:      layout_basic, kennysheep_generic_room_14, uniq_crazy_yiuf_cottage,
          uniq_jessica
D:4:      layout_loops_corners
D:5:      layout_basic, mainiacjoe_overflow_catwalk_spiral,
          minmay_temple_entry_arrows, serial_shops, shop, uniq_eustachio,
          uniq_sigmund
D:6:      layout_rooms, nicolae_shop_firing_range
Temple:   eino_narrow_crystal_temple

Skill      XL: |  1  2  3  4  5  6  7  8 |
---------------+-------------------------+-----
Dodging        | 2 3 4 5 |  5.0
Throwing       | 1 2 3 4 |  4.8
Unarmed Combat | 4 5 6 |  6.6
Fighting       | |  2.4

Action                   |  1- 3 |  4- 6 |  7- 9 || total
-------------------------+-------+-------+-------++-------
Melee: Unarmed           |   106 |   115 |    93 ||   314
       Punch             |     1 |     4 |     3 ||     8
  Use: Scroll            |       |       |     5 ||     5
       Potion            |       |       |     1 ||     1
 Stab: Sleeping          |       |     2 |       ||     2
Armor: Robe              |    60 |    44 |    36 ||   140
Dodge: Dodged            |    57 |    53 |    55 ||   165
